AoeStats
← 无忧无虑

Arabian Desert

510514307Analyzed
1v1 RM · 14h ago on Oct 1, 2026· 24m 0s· 2 players
Game mode
Random Map
Map size
Tiny (2 player)
Population
200
Speed
Normal
Resources
Standard
Victory
Conquest
Starting age
Dark Age
Ending age
Imperial Age
RankedLock teamsTeams togetherTeam positionsShared explorationLock speedFull tech treeHidden civsTurbo modeCheats
Victory
Defeat
🇨🇴 Vietnamese · Colombia
510
+15
🇨🇳 Teutons · China
484
-26
无忧无虑
13:10 Feudal Age
15:42 Horse Collar
16:16 Man-at-Arms
16:55 Double-Bit Axe
zXproXz
7:32 Loom
13:30 Feudal Age
14:30 Gold Mining
14:26 Horse Collar
14:34 Double-Bit Axe
16:19 Stone Mining
17:07 Man-at-Arms
17:33 Arson
20:04 Padded Archer Armor
19:56 Fletching
20:19 Forging
20:09 Scale Mail Armor
Connection lost

Rejoining the realm…

Still unreachable

The connection could not be restored.

Session expired

The server has moved on; the page needs a fresh start.